 Dungeon Crawl Stone Soup version 0.23.2-1-ga50397a (webtiles) character file.

Game seed: 3549045757762712785

1057 warble the Covert (level 8, -9/54 HPs)
             Began as an Octopode Assassin on June 1, 2019.
             Mangled by Prince Ribbit (18 damage)
             ... on level 7 of the Dungeon.
             The game lasted 00:13:45 (6546 turns).

warble the Covert (Octopode Assassin)               Turns: 6546, Time: 00:13:47

Health: -9/54      AC:  2    Str: 10    XL:     8   Next: 26%
Magic:  8/8        EV: 12    Int: 14    God:
Gold:   176        SH:  8    Dex: 15    Spells: 7/7 levels left

rFire    . . .     SeeInvis .   w - +3 short sword (holy)
rCold    . . .     Gourm    .   x - +0 shield
rNeg     + . .     Faith    .   m - +1 hat
rPois    .         Spirit   .   (no amulet)
rElec    .         Reflect  .   j - ring of positive energy
rCorr    .         Harm     .   (no ring)
MR       .....                  (no ring)
Stlth    +++++.....             (no ring)
HPRegen  0.18/turn              (no ring)
MPRegen  0.11/turn              (no ring)
                                (no ring)
                                (no ring)

@: no status effects
A: almost no armour, stealthy swim, amphibious, 8 rings, constrict 8, camouflage
1, gelatinous body 1
a: no special abilities


You were on level 7 of the Dungeon.
You were not hungry.

You visited 1 branch of the dungeon, and saw 7 of its levels.

You collected 176 gold pieces.

Inventory:

Hand Weapons
 a - a +2 dagger
 b - a +0 blowgun
 w - a +3 short sword of holy wrath (weapon)
Missiles
 c - 36 poisoned needles
 d - 2 curare-tipped needles
 B - 5 tomahawks (quivered)
Armour
 m - a +1 hat (worn)
 x - a +0 shield (worn)
Jewellery
 j - a ring of positive energy (left tentacle)
 y - an uncursed ring of ice
Scrolls
 e - 3 scrolls of enchant armour
 g - a scroll of fear
 k - 2 scrolls of teleportation
 n - 2 scrolls of immolation
 p - 3 scrolls of blinking
 t - a scroll of noise {unknown}
 v - a scroll of amnesia {unknown}
 z - a scroll of remove curse
Potions
 h - a potion of degeneration
 l - a potion of cancellation
 o - a potion of magic
 q - a potion of berserk rage {unknown}
 r - 3 potions of curing
 s - 2 potions of might
 u - a potion of flight {unknown}
Comestibles
 f - 12 rations
 A - 3 chunks of flesh


   Skills:
 + Level 3.7 Fighting
 + Level 5.0 Short Blades
 + Level 2.1 Throwing
 + Level 2.7 Dodging
 + Level 10.1 Stealth
 * Level 3.0 Shields


You had 7 spell levels left.
You didn't know any spells.
Your spell library was empty.

Dungeon Overview and Level Annotations

Branches:
Dungeon (7/15)
 Temple: D:4-7

Altars:
Fedhas
Okawaru

Annotations:
D:2 exclusion: 2 downstairs
D:3 2 transporters, shugdite's ghost, amateur MiMo
D:4 3 runed translucent doors, exclusion: phantom, RadicalHijinx's ghost, amateur FoAK
D:7 Prince Ribbit


Innate Abilities, Weirdness & Mutations

You cannot wear most types of armour.
You are very stealthy in the water. (Stealth+)
You are amphibious.
You can wear up to eight rings at the same time.
You can use your tentacles to constrict eight enemies at once.
Your skin changes colour to match your surroundings (Stealth+).
Your rubbery body absorbs attacks. (AC +1, EV +1)


Message History

You constrict Prince Ribbit.
You hear a bark!
Prince Ribbit hits you but does no damage.
You completely miss Prince Ribbit. You squeeze Prince Ribbit.
Prince Ribbit is heavily wounded.
You constrict Prince Ribbit. Prince Ribbit closely misses you.
A jackal comes into view.
The jackal bites you but does no damage.
Prince Ribbit hits you!
You hit Prince Ribbit. You squeeze Prince Ribbit.
Prince Ribbit is severely wounded.
You constrict Prince Ribbit. The jackal bites you. Prince Ribbit hits you!
* * * LOW HITPOINT WARNING * * *
You hit Prince Ribbit.
Prince Ribbit is almost dead.
You constrict Prince Ribbit. The jackal misses you.
Prince Ribbit casts a spell.
Prince Ribbit looks slightly unstable.
The jackal closely misses you. Prince Ribbit hits you!!
You die...

#.... #....
#....#########+#
#...............
#...............
#$..............
#.....F.........
#.....@.....)...
######h.<.####
#h...# #....#
+h...# #....#
...... ........
..........


You could see Prince Ribbit and 3 jackals.

Vanquished Creatures
  Menkaure (D:7)
  4 bullfrogs
  A scorpion (D:6)
  A centaur zombie (D:6)
  2 bullfrog zombies
  2 orc priests
  A jelly (D:5)
  2 iguanas
  An orc wizard (D:6)
  6 worker ants
  A worker ant zombie (D:6)
  Robin (D:3)
  3 gnolls (D:2)
  4 adders
  A shadow imp (D:5)
  An ooze (D:3)
  2 worms
  7 dart slugs
  4 leopard geckos
  12 orcs
  5 bats
  3 giant cockroaches
  11 goblins
  13 hobgoblins
  5 jackals
  3 quokkas
  A ball python (D:1)
  4 frilled lizards
  8 kobolds
  A leopard gecko skeleton (D:4)
  A quokka skeleton (D:6)
  12 rats
124 creatures vanquished.

Notes
Turn   | Place    | Note
-------+----------+-------------------------------------------
     0 | D:1      | warble the Octopode Assassin began the quest for the Orb.
     0 | D:1      | Reached XP level 1. HP: 14/14 MP: 1/1
   128 | D:1      | Reached XP level 2. HP: 19/19 MP: 2/2
   284 | D:1      | Reached skill level 6 in Stealth
   647 | D:1      | Reached XP level 3. HP: 24/24 MP: 3/3
  1278 | D:2      | Reached skill level 7 in Stealth
  1323 | D:2      | Reached XP level 4. HP: 29/29 MP: 4/4
  1523 | D:2      | Found a blossoming altar of Fedhas.
  1832 | D:2      | Found a faded altar of an unknown god.
  2577 | D:3      | Noticed Robin
  2586 | D:2      | Reached XP level 5. HP: 29/35 MP: 5/5
  3185 | D:3      | Killed Robin
  3411 | D:3      | Found a transporter.
  3413 | D:3      | Noticed shugdite's ghost (amateur MiMo)
  3435 | D:3      | Found a transporter.
  4025 | D:4      | Reached skill level 8 in Stealth
  4025 | D:4      | Reached XP level 6. HP: 41/41 MP: 6/6
  4134 | D:4      | Found a runed translucent gate.
  4174 | D:4      | Found a runed translucent gate.
  4174 | D:4      | Found a runed translucent gate.
  4175 | D:4      | Noticed RadicalHijinx's ghost (amateur FoAK)
  4706 | D:4      | Noticed a phantom
  5008 | D:5      | Entered Level 5 of the Dungeon
  5125 | D:5      | Found an iron altar of Okawaru.
  5167 | D:5      | Reached skill level 1 in Shields
  5212 | D:5      | Reached XP level 7. HP: 37/46 MP: 7/7
  5521 | D:6      | Reached skill level 9 in Stealth
  6073 | D:6      | Reached XP level 8. HP: 43/52 MP: 8/8
  6531 | D:7      | Noticed Menkaure
  6531 | D:7      | Noticed Prince Ribbit
  6538 | D:7      | Killed Menkaure
  6538 | D:7      | Reached skill level 5 in Short Blades
  6538 | D:7      | Reached skill level 10 in Stealth
  6546 | D:7      | Mangled by Prince Ribbit

Skill      XL: |  1  2  3  4  5  6  7  8 |
---------------+-------------------------+-----
Stealth        | 6 7 8 9 10 | 10.1
Short Blades   | 3 4 5 |  5.0
Fighting       | 3 |  3.7
Dodging        | 2 |  2.7
Shields        | 1 2 3 |  3.0
Throwing       | |  2.1

Action                   |  1- 3 |  4- 6 |  7- 9 || total
-------------------------+-------+-------+-------++-------
Melee: Dagger            |    62 |   110 |       ||   172
       Tentacles         |    11 |    29 |    14 ||    54
       Constrict         |    11 |    36 |    12 ||    59
       Short sword       |       |    34 |    65 ||    99
  Use: Scroll            |       |    13 |       ||    13
       Potion            |       |       |     1 ||     1
 Stab: Sleeping          |    17 |    15 |     6 ||    38
       Distracted        |       |     1 |     1 ||     2
  Eat: Chunk             |     1 |    12 |     4 ||    17
Armor: Skin              |     5 |     8 |     6 ||    19
Dodge: Dodged            |    23 |    68 |    19 ||   110
Block: Shield            |       |     8 |    27 ||    35
